 Dungeon Crawl Stone Soup version 0.20.0-15-g7f486f2 (webtiles) character file.

11221 malarcio the Geomancer (level 11, 0/68 HPs)
             Began as a Gargoyle Earth Elementalist on June 20, 2017.
             Was an Elder of Vehumet.
             Slain by a two-headed ogre
             ... wielding a +0 giant spiked club
              (16 damage)
             ... on level 10 of the Dungeon on June 23, 2017.
             The game lasted 03:05:39 (15963 turns).

malarcio the Geomancer (GrEE)                      Turns: 15963, Time: 03:05:40

Health: 0/68       AC: 16    Str: 13    XL:     11   Next: 74%
Magic:  19/21      EV: 12    Int: 18    God:    Vehumet [****..]
Gold:   164        SH:  5    Dex: 10    Spells: 15/24 levels left

rFire    . . .     SeeInvis .   t - +1 whip (elec)
rCold    + . .     Gourm    .   m - +1 buckler
rNeg     + . .     Faith    .   P - +2 robe {Archmagi}
rPois    ∞         Spirit   .   (no helmet)
rElec    +         Reflect  .   (no cloak)
rCorr    .         Harm     .   x - +2 pair of gloves
MR       .....                  (no boots)
Stlth    ++........             (no amulet)
Regen    0.3/turn               A - +1 ring of protection
MPRegen  0.2/turn               D - ring of protection from cold

@: no status effects
A: negative energy resistance 1, electricity resistance, unbreathing,
petrification resistance, rot immunity, AC +7
a: Renounce Religion


You were on level 10 of the Dungeon.
You worshipped Vehumet.
Vehumet was greatly pleased with you.
You were not hungry.

You visited 2 branches of the dungeon, and saw 11 of its levels.
You also visited: Sewer.

You collected 507 gold pieces.
You spent 343 gold pieces at shops.

Inventory:

Hand Weapons
 t - a +1 whip of electrocution (weapon)
Missiles
 b - 40 stones (quivered)
Armour
 c - a +2 robe
 m - a +1 buckler (worn)
 u - a +2 robe of magic resistance
 x - a +2 pair of gloves (worn)
 P - a +2 robe of the Archmagi (worn)
Jewellery
 A - a +1 ring of protection (left hand)
 D - a ring of protection from cold (right hand)
 I - a +4 ring of evasion {unknown}
 O - the ring "Gehiuvau" {rElec rPois rF+ rC+ MR+, unknown}
   (You took it off an orc wizard on level 7 of the Dungeon)

   [ring of protection from magic]

   It protects you from fire.
   It protects you from cold.
   It insulates you from electricity.
   It protects you from poison.
   It affects your resistance to hostile enchantments.
Wands
 p - a wand of iceblast (7/15)
 q - a wand of acid (3/15)
 w - a wand of flame (40/48)
 y - a wand of flame (18/48)
 K - a wand of iceblast (6/15)
Scrolls
 a - a scroll of identify
 g - 3 scrolls of remove curse
 h - 4 scrolls of amnesia
 l - a scroll of enchant weapon {unknown}
 o - 3 scrolls of teleportation
 v - a scroll of recharging
 M - 2 scrolls of enchant armour
 N - a scroll of immolation
 V - 2 scrolls of magic mapping
Potions
 f - 4 potions of mutation
 i - a potion of ambrosia {unknown}
 j - a potion of might {unknown}
 k - 2 potions of agility
 n - 3 potions of cancellation
 s - a potion of berserk rage {unknown}
 z - 2 potions of magic {unknown}
 B - 7 potions of curing
 C - a potion of heal wounds
 E - 4 potions of flight {unknown}
 F - 2 potions of brilliance {unknown}
 G - a potion of haste
 S - 2 potions of resistance
 T - a potion of lignification {unknown}
Books
 e - a book of Geomancy

   Spells                             Type                      Level
   a - Sandblast                      Earth                        1
   b - Passwall                       Transmutation/Earth          2
   c - Stone Arrow                    Conjuration/Earth            3
   d - Petrify                        Transmutation/Earth          4
   e - Lee's Rapid Deconstruction     Earth                        5
Miscellaneous
 H - a crystal ball of energy
Comestibles
 d - 2 bread rations
 r - 3 royal jellies


   Skills:
 + Level 8.3 Fighting
 + Level 6.0 Maces & Flails
 - Level 6.3 Armour
 - Level 1.5 Dodging
 - Level 2.1 Stealth
 - Level 4.0 Shields
 + Level 7.3 Spellcasting
 + Level 6.9 Conjurations
   Level 0.7 Transmutations
 + Level 9.8 Earth Magic
 + Level 5.1 Evocations


You had 15 spell levels left.
You knew the following spells:

 Your Spells              Type           Power        Failure   Level  Hunger
a - Sandblast             Erth           ######       1%          1    None
b - Stone Arrow           Conj/Erth      ######       1%          3    #......
c - Lee's Rapid Deconstr  Erth           ######....   1%          5    #####..


Dungeon Overview and Level Annotations

Branches:
Dungeon (10/15)            Temple (1/1) D:5            Lair (0/6) D:9
    Orc: D:9-12

Altars:
Ashenzari
Cheibriados
Dithmenos
Elyvilon
Fedhas
Gozag
Hepliaklqana
Kikubaaqudgha
Makhleb
Nemelex Xobeh
Okawaru
Qazlal
Ru
Trog
Uskayaw
Vehumet
Xom
Yredelemnul
Zin
The Shining One

Shops:
D:8 ?


Innate Abilities, Weirdness & Mutations

You are resistant to torment.
Your stone body is resilient. (AC +7)
You are immune to poison.
You resist negative energy. (rN+)
You are resistant to electric shocks. (rElec)
You can survive without breathing.
You are immune to petrification.
You are immune to rotting.


Message History

You feel a surge of power!
The door shatters!
The blast of rock fragments hits the two-headed ogre.
The two-headed ogre is heavily wounded.
The blast of rock fragments hits the orc wizard.
You kill the orc wizard!
Vehumet accepts your kill.
You feel your power returning.
The blast of rock fragments hits the orc.
You kill the orc!
Vehumet accepts your kill.
You feel your power returning.
You hear a shout!
You completely miss the two-headed ogre.
The two-headed ogre is heavily wounded.
The two-headed ogre hits you with a giant spiked club!!
* * * LOW HITPOINT WARNING * * *
The two-headed ogre closely misses you.
You feel better.
The two-headed ogre hits you with a giant spiked club!
You die...

# ## ..# ##†## #.#.
$.# ##†..##
##.#.###.# ##[....##
.........#
##.......##
#..!....###)......<.#
#.......))........+
#....###.[..).....#
#...O# ###.......##
###.@# ##.....##
#.#####..# ##...##
#........# ##+##
#######.## .#
###.#########.#
#.....o.)?..#.##
#.#..##.###....##
#.#..##.# #.....# #
#..##.# #....##


You could see a two-headed ogre.

Vanquished Creatures
  3 two-headed ogres
  Erica (D:9)
  Pikel (D:4)
  A manticore (D:6)
  Joseph (D:8)
  Prince Ribbit (D:6)
  A hippogriff (D:8)
  Eustachio (D:6)
  4 yaks (D:9)
  Grum (D:8)
  Menkaure (D:6)
  2 ice beasts
  2 phantoms
  2 orc warriors
  A slave (D:3)
  A necrophage (D:9)
  2 sky beasts
  8 ogres
  2 wolves (D:8)
  7 centaurs
  5 big kobolds
  Blork the orc (D:6)
  7 bullfrogs
  A wyvern zombie (D:9)
  A gnoll sergeant (D:7)
  9 scorpions
  3 killer bees (D:10)
  A howler monkey (D:8)
  A wight (D:9)
  2 electric eels (D:4)
  9 crimson imps
  A bullfrog zombie (D:5)
  2 quasits (D:6)
  8 hounds
  5 human zombies (D:9)
  4 jellies
  4 orc priests
  A centaur skeleton (D:8)
  An iguana (D:9)
  Jessica (D:3)
  2 human skeletons (D:9)
  13 orc wizards
  10 worker ants
  Terence (D:2)
  The ghost of octopodefightclub the Skirmisher, a weakling OpMo (D:3)
  A hound zombie (D:9)
  2 hound skeletons
  A mummy (D:9)
  A worker ant zombie (D:9)
  Robin (D:2)
  7 gnolls
  12 adders
  A howler monkey skeleton (D:7)
  8 river rats
  2 shadow imps
  6 oozes
  2 adder skeletons (D:4)
  3 worms (D:2)
  2 dart slugs
  6 leopard geckos
  50 orcs
  4 giant cockroaches
  14 goblins
  16 hobgoblins
  17 jackals
  21 kobolds
  3 quokkas (D:7)
  8 ball pythons
  8 bats
  7 frilled lizards
  A leopard gecko skeleton (D:5)
  2 orc zombies (D:9)
  A quokka skeleton (D:9)
  28 rats
372 creatures vanquished.

Vanquished Creatures (others)
  A slave (D:4)
  2 orc wizards (D:4)
  An orc (D:4)
  A plant (D:6)
5 creatures vanquished.

Grand Total: 377 creatures vanquished

Notes
Turn   | Place    | Note
-------+----------+-------------------------------------------
     0 | D:1      | malarcio the Gargoyle Earth Elementalist began the quest for the Orb.
     0 | D:1      | Reached XP level 1. HP: 10/10 MP: 3/3
   128 | D:1      | Reached skill level 4 in Earth Magic
   128 | D:1      | Reached XP level 2. HP: 15/15 MP: 1/5
  1184 | D:1      | Reached XP level 3. HP: 19/19 MP: 5/7
  1819 | D:2      | Noticed Terence
  1850 | D:2      | Killed Terence
  1850 | D:2      | Reached XP level 4. HP: 23/24 MP: 0/8
  2120 | D:2      | Noticed Robin
  2709 | D:2      | Killed Robin
  2709 | D:2      | Reached skill level 5 in Earth Magic
  2712 | D:2      | Got a warped helmet
  2733 | D:2      | Reached XP level 5. HP: 13/28 MP: 4/10
  3013 | D:2      | Learned a level 3 spell: Stone Arrow
  3116 | D:2      | Found a stormy altar of Qazlal.
  3167 | D:2      | Found a burning altar of Makhleb.
  3167 | D:2      | Found a shimmering altar of Xom.
  3469 | D:3      | Noticed Jessica
  3492 | D:3      | Killed Jessica
  3546 | D:3      | Learned a level 3 spell: Stone Arrow
  3552 | D:3      | Learned a level 5 spell: Lee's Rapid Deconstruction
  3601 | D:3      | Noticed octopodefightclub's ghost (weakling OpMo)
  3608 | D:3      | Killed octopodefightclub's ghost
  3655 | D:3      | Noticed an ogre
  3812 | D:3      | Killed an ogre
  3812 | D:3      | Reached skill level 6 in Earth Magic
  3812 | D:3      | Reached XP level 6. HP: 30/32 MP: 3/12
  4088 | D:3      | Found a bloodstained altar of Trog.
  4189 | D:3      | Found a shadowy altar of Dithmenos.
  4322 | D:3      | Found an iron altar of Okawaru.
  4657 | D:3      | Identified the cursed +0 helmet of the Tormentor {rC++ Str+6 Dex-2} (You took it off Robin on level 2 of the Dungeon)
  4702 | D:4      | Reached skill level 1 in Shields
  4704 | D:4      | Reached skill level 1 in Fighting
  4731 | D:4      | Found a transporter.
  4747 | D:4      | Found a transporter.
  4872 | D:4      | Reached XP level 7. HP: 31/38 MP: 4/14
  4875 | D:4      | Reached skill level 1 in Maces & Flails
  5031 | D:4      | Found a glowing drain.
  5050 | D:4      | Reached skill level 1 in Conjurations
  5202 | Sewer    | Entered a sewer
  5674 | Sewer    | Reached skill level 5 in Spellcasting
  5836 | Sewer    | Reached skill level 1 in Armour
  5865 | Sewer    | Reached XP level 8. HP: 33/45 MP: 5/15
  6250 | D:4      | Found a stormy altar of Qazlal.
  6434 | D:4      | Reached skill level 7 in Earth Magic
  6506 | D:4      | Reached skill level 1 in Evocations
  6534 | D:4      | Noticed Pikel
  6780 | D:4      | Killed Pikel
  7261 | D:4      | Reached XP level 9. HP: 52/52 MP: 9/17
  7327 | D:5      | Entered Level 5 of the Dungeon
  7674 | D:5      | Found an ancient bone altar of Kikubaaqudgha.
  7685 | D:5      | Found a staircase to the Ecumenical Temple.
  7842 | Temple   | Entered the Ecumenical Temple
  7899 | Temple   | Became a worshipper of Vehumet
  8500 | D:6      | Noticed Eustachio
  8509 | D:6      | Killed Eustachio
  8520 | D:6      | Found a radiant altar of Vehumet.
  8526 | D:6      | Reached skill level 8 in Earth Magic
  8548 | D:6      | Noticed Prince Ribbit
  8613 | D:6      | Noticed Blork the orc
  8621 | D:6      | Noticed Menkaure
  8849 | D:6      | Killed Menkaure
  9041 | D:6      | Killed Blork the orc
  9405 | D:6      | Noticed a manticore
  9416 | D:6      | Killed a manticore
  9416 | D:6      | Reached XP level 10. HP: 25/58 MP: 0/19
  9541 | D:6      | Reached skill level 5 in Fighting
  9732 | D:6      | Killed Prince Ribbit
  9823 | D:6      | Found a sparkling altar of Nemelex Xobeh.
 10240 | D:7      | Reached * piety under Vehumet
 10240 | D:7      | Offered knowledge of Magic Dart by Vehumet.
 10430 | D:7      | Got a smoking lead ring
 10480 | D:7      | Noticed an angel
 10487 | D:7      | Found a glowing silver altar of Zin.
 10554 | D:7      | Reached skill level 5 in Conjurations
 11379 | D:7      | Offered knowledge of Shock by Vehumet.
 11604 | D:7      | Reached ** piety under Vehumet
 11831 | D:7      | Reached skill level 5 in Armour
 11881 | D:8      | Noticed Grum
 11918 | D:8      | Reached skill level 5 in Maces & Flails
 11919 | D:8      | Killed Grum
 12292 | D:8      | Found Uwuuduh's Magic Scroll Shop.
 12536 | D:8      | Noticed Joseph
 12559 | D:8      | Killed Joseph
 12559 | D:8      | Reached skill level 9 in Earth Magic
 13213 | D:8      | Bought a scroll of identify for 28 gold pieces
 13213 | D:8      | Bought a scroll of identify for 28 gold pieces
 13213 | D:8      | Bought a scroll of magic mapping for 49 gold pieces
 13213 | D:8      | Bought a scroll of identify for 28 gold pieces
 13410 | D:9      | Offered knowledge of Throw Frost by Vehumet.
 13482 | D:9      | Noticed a two-headed ogre
 13551 | D:8      | Reached XP level 11. HP: 36/66 MP: 21/21
 13666 | D:8      | Noticed a two-headed ogre
 13671 | D:8      | Killed a two-headed ogre
 13782 | D:9      | Noticed Erica
 13802 | D:9      | Killed Erica
 13826 | D:9      | Reached *** piety under Vehumet
 14172 | D:9      | Found a staircase to the Lair.
 14181 | D:9      | Killed a two-headed ogre
 14445 | D:9      | Offered knowledge of Dazzling Spray by Vehumet.
 14793 | D:9      | Noticed a two-headed ogre
 14798 | D:9      | Killed a two-headed ogre
 15060 | D:9      | Found a basalt altar of Yredelemnul.
 15597 | D:8      | Bought a scroll of enchant armour for 105 gold pieces
 15597 | D:8      | Bought a scroll of enchant armour for 105 gold pieces
 15670 | D:10     | Entered Level 10 of the Dungeon
 15685 | D:10     | Reached **** piety under Vehumet
 15708 | D:10     | Offered knowledge of Ignite Poison by Vehumet.
 15715 | D:10     | Reached skill level 5 in Evocations
 15735 | D:10     | Noticed a two-headed ogre
 15963 | D:10     | Slain by a two-headed ogre

Skill      XL: |  1  2  3  4  5  6  7  8  9 10 11 |
---------------+----------------------------------+-----
Earth Magic    | 4 5 6 7 8 9 |  9.8
Spellcasting   | 3 4 5 6 7 |  7.3
Shields        | 1 2 3 4 |  4.0
Fighting       | 1 2 3 4 6 8 |  8.3
Maces & Flails | 1 3 4 5 6 |  6.0
Conjurations   | 2 3 4 6 |  6.9
Armour         | 1 3 4 5 6 |  6.3
Evocations     | 1 3 5 |  5.1
Dodging        | |  1.5
Stealth        | |  2.1
Transmutations | |  0.7

Action                   |  1- 3 |  4- 6 |  7- 9 | 10-12 || total
-------------------------+-------+-------+-------+-------++-------
Melee: Dagger            |     7 |       |       |       ||     7
       Club              |    20 |    76 |       |       ||    96
       Whip              |       |   137 |   250 |   372 ||   759
 Cast: Sandblast         |    40 |    69 |    98 |    25 ||   232
       Stone Arrow       |       |    14 |    60 |   146 ||   220
       Lee's Rapid Decon |       |       |       |     4 ||     4
Evoke: Wand              |       |       |     1 |     1 ||     2
  Use: Scroll            |       |     5 |    13 |    15 ||    33
       Potion            |       |       |     5 |     2 ||     7
 Stab: Sleeping          |       |     4 |     2 |     1 ||     7
  Eat: Bread ration      |     1 |       |     1 |     1 ||     3
       Chunk             |       |     6 |     4 |     5 ||    15
       Fruit             |       |     2 |     1 |       ||     3
       Meat ration       |       |     1 |     1 |     3 ||     5
       Royal jelly       |       |       |     1 |       ||     1
Armor: Robe              |    21 |   120 |   138 |   143 ||   422
Dodge: Dodged            |    36 |   214 |   221 |   171 ||   642
Block: Buckler           |       |       |    17 |    75 ||    92
